 Dungeon Crawl Stone Soup version 0.20-a0-390-g4892b34 (webtiles) character file.

2621 thegoatgodpan the Martial Artist (level 9, -1/64 HPs)
             Began as a Demonspawn Monk on Oct 8, 2015.
             Slain by an iguana (12 damage)
             ... on level 5 of the Dungeon on Dec 31, 2016.
             The game lasted 00:16:53 (6788 turns).

thegoatgodpan the Martial Artist (Demonspawn Monk)  Turns: 6788, Time: 00:16:53

Health: -1/64      AC:  7    Str: 14    XL:     9   Next: 34%
Magic:  10/10      EV: 11    Int: 13    God:
Gold:   364        SH:  6    Dex: 15    Spells: 4/10 levels left

rFire  . . .     SeeInvis .       - Unarmed
rCold  . . .     Gourm    .     i - +0 ring mail
rNeg   . . .     Faith    .     (no shield)
rPois  .         Spirit   .     (no helmet)
rElec  .         Reflect  .     g - +1 cloak
rCorr  .         Harm     +     (no gloves)
MR     .....                    (no boots)
Stlth  +.........               n - amulet of harm
                                (no ring)
                                d - ring of sustain attributes

@: heavily drained
A: claws 1, large bone plates 2, powered by pain 1
a: no special abilities


You were on level 5 of the Dungeon.
You were not hungry.

You visited 2 branches of the dungeon, and saw 8 of its levels.

You collected 364 gold pieces.

Inventory:

Missiles
 r - 4 javelins (quivered)
Armour
 a - a +0 robe
 g - a +1 cloak (worn)
 i - a +0 ring mail (worn)
 m - a +2 chain mail of magic resistance
Jewellery
 d - a ring of sustain attributes (left claw)
 n - an amulet of harm (around neck)
Wands
 h - a wand of polymorph (8/24)
Scrolls
 p - 2 scrolls of remove curse
 q - a scroll of enchant weapon
 s - a scroll of fear
 t - a scroll of identify
 x - 2 scrolls of teleportation {unknown}
 y - a scroll of amnesia {unknown}
 A - a scroll of magic mapping {unknown}
Potions
 c - a potion of magic
 e - a potion of cancellation
 l - a potion of agility
 z - a potion of degeneration {unknown}
Books
 k - a book of Unlife

   Spells                             Type                      Level
   a - Recall                         Summoning/Translocation      3
   b - Animate Dead                   Necromancy                   4
   c - Control Undead                 Necromancy                   4
   d - Cigotuvi's Embrace             Necromancy                   5
   e - Death Channel                  Necromancy                   6
   f - Simulacrum                     Ice/Necromancy               6
 o - a book of Alchemy

   Spells                             Type                      Level
   a - Sublimation of Blood           Necromancy                   2
   b - Ignite Poison                  Fire/Transmutation/Poison    3
   c - Petrify                        Transmutation/Earth          4
   d - Alistair's Intoxication        Transmutation/Poison         5
   e - Irradiate                      Conjuration/Transmutation    5
 B - a book of Changes

   Spells                             Type                      Level
   a - Beastly Appendage              Transmutation                1
   b - Sticks to Snakes               Transmutation                2
   c - Spider Form                    Transmutation/Poison         3
   d - Ice Form                       Ice/Transmutation            4
   e - Blade Hands                    Transmutation                5
Comestibles
 b - 3 bread rations
 f - 2 meat rations
 j - a slice of pizza
 u - a beef jerky
 w - 4 fruits


   Skills:
 - Level 3.3(1.9) Fighting
 - Level 2.9(1.5) Dodging
 - Level 1.9(0.6) Stealth
 - Level 11.7(10.0) Unarmed Combat
 + Level 1.0(0.0) Spellcasting
 + Level 1.1(0.0) Transmutations


You had 4 spell levels left.
You knew the following spells:

 Your Spells              Type           Power        Failure   Level  Hunger
a - Blade Hands           Tmut           #.........   100%        5    ######.
z - Beastly Appendage     Tmut           #.....       67%         1    ##.....


Dungeon Overview and Level Annotations

Branches:
Dungeon (7/15)             Temple (1/1) D:6

Altars:
Ashenzari
Cheibriados
Dithmenos
Elyvilon
Fedhas
Kikubaaqudgha
Makhleb
Nemelex Xobeh
Okawaru
Qazlal
Ru
Sif Muna
Vehumet
Xom
Yredelemnul
Zin
The Shining One


Innate Abilities, Weirdness & Mutations

You have sharp fingernails.
You are mostly covered in large bone plates. (SH +6)
You sometimes gain a little power by taking damage.


Message History

You block the wight's attack. The wight misses you.
You climb upwards.
There is a stone staircase leading down here.
The wight misses you.
The wight hits you with an enchanted great sword.
* * * LOW HITPOINT WARNING * * *
An iguana comes into view.
The iguana hisses angrily.
There is a stone staircase leading up here.
The iguana bites you but does no damage.
You climb upwards.
There is a stone staircase leading down here.
You barely miss the iguana. The iguana bites you.
* * * LOW HITPOINT WARNING * * *
You claw the iguana! Your claw misses the iguana.
The iguana is almost dead.
You barely miss the iguana.
The iguana is almost dead.
The iguana bites you!
You die...

##################
#.............#...
#.###########.#.##
#.###########.#.#.
#.........).......
#@l..)....)....###
#############.....
###... #...
#########..
#..........
#..........
#..........
#........##


You could see an iguana.

Vanquished Creatures
  A ghost (Temple)
  Edmund (D:5)
  A water moccasin (D:7)
  2 orc warriors
  2 phantoms (D:4)
  An ice beast (D:6)
  A centaur (D:5)
  3 ogres
  A big kobold (D:7)
  2 bullfrogs (D:6)
  Blork the orc (D:6)
  3 wights (D:7)
  A bullfrog skeleton (D:6)
  2 crimson imps
  2 hounds (D:5)
  3 orc wizards (D:6)
  An orc priest (D:6)
  4 worker ants
  Terence (D:3)
  An iguana (D:4)
  13 adders
  2 oozes
  A worm (D:2)
  11 leopard geckos
  23 orcs
  A ball python (D:7)
  4 bats
  9 giant cockroaches
  8 hobgoblins
  8 jackals
  10 kobolds
  2 quokkas
  A ball python skeleton (D:4)
  5 frilled lizards
  13 goblins
  A leopard gecko skeleton (D:6)
  A quokka skeleton (D:4)
  20 rats
167 creatures vanquished.

Notes
Turn   | Place    | Note
-------+----------+-------------------------------------------
     0 | D:1      | thegoatgodpan the Demonspawn Monk began the quest for the Orb.
     0 | D:1      | Reached XP level 1. HP: 18/18 MP: 1/1
    55 | D:1      | Gained mutation: You are partially covered in large bone plates. (SH +4) [demonic ancestry]
    55 | D:1      | Reached XP level 2. HP: 5/24 MP: 2/2
   663 | D:1      | Reached skill level 4 in Unarmed Combat
   789 | D:1      | Reached XP level 3. HP: 29/29 MP: 3/3
  1672 | D:2      | Reached XP level 4. HP: 26/35 MP: 4/4
  1884 | D:2      | Found a sacrificial altar of Ru.
  1894 | D:2      | Reached skill level 5 in Unarmed Combat
  2428 | D:3      | Noticed Terence
  2454 | D:3      | Killed Terence
  2454 | D:3      | Reached XP level 5. HP: 36/41 MP: 5/5
  2541 | D:3      | Gained mutation: You have a pair of small horns on your head. [potion of mutation]
  2541 | D:3      | Gained mutation: Your body sometimes deteriorates upon taking damage. [potion of mutation]
  2541 | D:3      | Gained mutation: You expend magic power (3 MP) to strengthen your wands. [potion of mutation]
  2587 | D:3      | Found a snail-covered altar of Cheibriados.
  2650 | D:3      | Found an iron altar of Okawaru.
  2847 | D:3      | Lost mutation: You have a pair of small horns on your head. [potion of cure mutation]
  2847 | D:3      | Lost mutation: Your body sometimes deteriorates upon taking damage. [potion of cure mutation]
  2847 | D:3      | Lost mutation: You expend magic power (3 MP) to strengthen your wands. [potion of cure mutation]
  3035 | D:4      | Found a shimmering altar of Xom.
  3035 | D:4      | Found a white marble altar of Elyvilon.
  3099 | D:4      | Reached skill level 6 in Unarmed Combat
  3380 | D:4      | Noticed a phantom
  3488 | D:4      | Gained mutation: You have sharp fingernails. [demonic ancestry]
  3488 | D:4      | Reached XP level 6. HP: 29/47 MP: 6/6
  3682 | D:4      | Noticed a phantom
  3708 | D:4      | Killed a phantom
  3796 | D:4      | Killed a phantom
  3796 | D:4      | Reached skill level 7 in Unarmed Combat
  3870 | D:4      | Gained mutation: You are mostly covered in large bone plates. (SH +6) [demonic ancestry]
  3870 | D:4      | Reached XP level 7. HP: 5/52 MP: 7/7
  4301 | D:5      | Entered Level 5 of the Dungeon
  4351 | D:5      | Reached skill level 8 in Unarmed Combat
  4489 | D:5      | Gained mutation: You are occasionally teleported next to monsters. [potion of mutation]
  4489 | D:5      | Gained mutation: Your muscles are strong. (Str +2) [potion of mutation]
  4489 | D:5      | Gained mutation: You are clumsy. (Dex -2) [potion of mutation]
  4490 | D:5      | Lost mutation: Your muscles are strong. (Str +2) [potion of cure mutation]
  4490 | D:5      | Lost mutation: You are clumsy. (Dex -2) [potion of cure mutation]
  4490 | D:5      | Lost mutation: You are occasionally teleported next to monsters. [potion of cure mutation]
  4617 | D:5      | Noticed Edmund
  4631 | D:5      | Killed Edmund
  4949 | D:5      | Reached skill level 9 in Unarmed Combat
  5109 | D:6      | Noticed Blork the orc
  5111 | D:6      | Gained mutation: You sometimes gain a little power by taking damage. [demonic ancestry]
  5111 | D:6      | Reached XP level 8. HP: 42/58 MP: 8/8
  5117 | D:6      | Killed Blork the orc
  5383 | D:6      | Noticed a hill giant
  5603 | D:6      | Found a staircase to the Ecumenical Temple.
  5611 | Temple   | Entered the Ecumenical Temple
  5612 | Temple   | Upgraded the game from 0.17-a0-2006-g94b6906 to 0.20-a0-390-g4892b34
  5716 | Temple   | Reached skill level 10 in Unarmed Combat
  5887 | D:6      | Reached skill level 11 in Unarmed Combat
  6001 | D:6      | Reached XP level 9. HP: 44/64 MP: 9/9
  6334 | D:6      | Found a burning altar of Makhleb.
  6334 | D:6      | Noticed a cacodemon
  6650 | D:7      | Learned a level 5 spell: Blade Hands
  6652 | D:7      | Learned a level 1 spell: Beastly Appendage
  6690 | D:7      | Reached skill level 1 in Spellcasting
  6690 | D:7      | Reached skill level 1 in Transmutations
  6698 | D:7      | HP: 2/64 [wight/enchanted great sword (8)]
  6708 | D:7      | HP: 3/64 [wight/trident (2)]
  6788 | D:5      | Slain by an iguana

Vault maps used:
D:1:      erik_arrival_orb_chamber, kennysheep_crisscross
D:2:      nicolae_overflow_crystal_walls, minmay_crystal_room
D:3:      okawaru_metal_pillars_1_2, lemuel_doored_altar, uniq_terence
D:4:      grunt_temple_overflow_open
D:5:      first_bread, kennysheep_another_room, kennysheep_generic_room_6,
          uniq_edmund
D:6:      minmay_temple_entry_junction, gup_sewer_entry_bubbles,
          makhleb_altar_promises_db, uniq_blork_the_orc
Temple:   circular_temple_12

Skill      XL: |  1  2  3  4  5  6  7  8  9 |
---------------+----------------------------+-----
Unarmed Combat | 4 5 6 7 9 11 | 11.7
Spellcasting   | 1 |  1.0
Transmutations | 1 |  1.1
Fighting       | |  3.3
Dodging        | |  2.9
Stealth        | |  1.9

Action                   |  1- 3 |  4- 6 |  7- 9 || total
-------------------------+-------+-------+-------++-------
Melee: Unarmed           |   194 |   251 |   230 ||   675
       Punch             |       |       |     7 ||     7
  Use: Potion            |       |     9 |     3 ||    12
       Scroll            |       |     9 |     2 ||    11
       Scroll            |       |       |     2 ||     2
       Potion            |       |       |     1 ||     1
 Stab: Sleeping          |     3 |     6 |       ||     9
  Eat: Chunk             |     2 |     4 |     1 ||     7
       Bread ration      |       |     1 |     1 ||     2
       Pizza             |       |       |     1 ||     1
       Bread ration      |       |       |     1 ||     1
Armor: Ring mail         |       |       |    16 ||    16
Dodge: Dodged            |       |       |    36 ||    36
Block: Other             |       |       |    21 ||    21
